TOP OF THE 1ST |
Columbus Reds batting - Pitching for Southern Maryland Blue Crabs : RHP Zhao-jun Zong
|
Pitching: RHP Zhao-jun Zong
|
|
Batting: SHB Jaivata Mohanty
|
0-0: Ball 1-0: Ball 2-0: Ball 3-0: Called Strike 3-1: Foul Ball, location: 2F 3-2: Foul Ball, location: 2F 3-2: Strikes out swinging
|
Batting: RHB Ben Burkholder
|
0-0: Ball 1-0: Ball 2-0: Ball 3-0: Called Strike 3-1: Fly out, F8 (Flyball, 8LM, EV 82.5 MPH)
|
Batting: LHB Matt Kennedy
|
0-0: Ball 1-0: Ball 2-0: Ball 3-0: Base on Balls
|
Batting: SHB David Garnica
|
0-0: Ground out 4-3 (Groundball, 34, EV 100.6 MPH)
|
Top of the 1st over - 0 runs, 0 hits, 0 errors, 1 left on base; Columbus 0 - Southern Maryland 0 |
BOTTOM OF THE 1ST |
Southern Maryland Blue Crabs batting - Pitching for Columbus Reds : RHP Kyle Vance
|
Pitching: RHP Kyle Vance
|
|
Batting: RHB Kevin Popowicz
|
0-0: Ball 1-0: Ball 2-0: Ground out 1-3 (Groundball, 13S, EV 71.9 MPH)
|
Batting: LHB Vinny Rivera
|
0-0: Swinging Strike 0-1: Ball 1-1: Ball 2-1: Ball 3-1: Foul Ball, location: 2F 3-2: Strikes out swinging
|
Batting: RHB Wes Reynolds
|
0-0: Ball 1-0: Fly out, F8 (Flyball, 78D, EV 85.6 MPH)
|
Bottom of the 1st over - 0 runs, 0 hits, 0 errors, 0 left on base; Columbus 0 - Southern Maryland 0 |
TOP OF THE 2ND |
Columbus Reds batting - Pitching for Southern Maryland Blue Crabs : RHP Zhao-jun Zong
|
Batting: RHB Andy Bachman
|
0-0: Ball 1-0: Ball 2-0: Called Strike 2-1: Swinging Strike 2-2: Ball 3-2: Base on Balls
|
Batting: RHB Sang-ton Pak
|
0-0: Ball 1-0: Ball 2-0: SINGLE (Groundball, 34D, EV 101.2 MPH) Andy Bachman to second Runner from 2nd tries for 3rd, SAFE, no throw by RF
|
Batting: RHB Ed Santibanez
|
0-0: Grounds into double play, 6-4-3 (Groundball, 6M, EV 98.8 MPH) Andy Bachman scores
|
Batting: SHB Gustavo Froio
|
0-0: Fly out, F8 (Flyball, 8RD, EV 96.2 MPH)
|
Top of the 2nd over - 1 run, 1 hit, 0 errors, 0 left on base; Columbus 1 - Southern Maryland 0 |
BOTTOM OF THE 2ND |
Southern Maryland Blue Crabs batting - Pitching for Columbus Reds : RHP Kyle Vance
|
Batting: RHB Mike Pitts
|
0-0: Swinging Strike 0-1: Ball 1-1: Ball 2-1: Ball 3-1: Base on Balls
|
Batting: SHB Chris Wright
|
0-0: Fly out, F7 (Flyball, 7LS, EV 83.8 MPH)
|
Batting: RHB John Barton
|
0-0: Called Strike 0-1: Ball Mike Pitts steals 2nd base 1-1: Ball 2-1: Swinging Strike 2-2: Ball 3-2: Ground out 1-3 (Groundball, 25, EV 70.6 MPH)
|
Batting: RHB Dave Perron
|
0-0: Ball 1-0: Ball 2-0: Ball 3-0: Called Strike 3-1: Foul Ball, location: 2F 3-2: Foul Ball, location: 2F 3-2: Foul Ball, location: 2F 3-2: Strikes out swinging
|
Bottom of the 2nd over - 0 runs, 0 hits, 0 errors, 1 left on base; Columbus 1 - Southern Maryland 0 |
TOP OF THE 3RD |
Columbus Reds batting - Pitching for Southern Maryland Blue Crabs : RHP Zhao-jun Zong
|
Batting: SHB Cesar Pelayo
|
0-0: Ground out U3 (Groundball, 3, EV 91.9 MPH)
|
Batting: SHB Jaivata Mohanty
|
0-0: Ball 1-0: Foul Ball, location: 2F 1-1: Ball 2-1: Swinging Strike 2-2: Ball 3-2: Foul Ball, location: 2F 3-2: Strikes out swinging
|
Batting: RHB Ben Burkholder
|
0-0: Foul Ball, location: 2F 0-1: Foul Ball, location: 2F 0-2: SINGLE (Line Drive, 78S, EV 90.0 MPH)
|
Batting: LHB Matt Kennedy
|
0-0: Called Strike 0-1: Swinging Strike 0-2: Ball 1-2: Foul Ball, location: 2F 1-2: Fielders Choice at 2nd, 5-4 (Groundball, 5, EV 104.4 MPH)
|
Top of the 3rd over - 0 runs, 1 hit, 0 errors, 1 left on base; Columbus 1 - Southern Maryland 0 |
BOTTOM OF THE 3RD |
Southern Maryland Blue Crabs batting - Pitching for Columbus Reds : RHP Kyle Vance
|
Batting: RHB Wil Ochoa
|
0-0: Foul Ball, location: 2F 0-1: Ball 1-1: Fly out, F2 (Popup, 2RF, EV 86.2 MPH)
|
Batting: SHB Carlos Carrillo
|
0-0: Foul Ball, location: 2F 0-1: Ball 1-1: SINGLE (Groundball, 4MD, EV 105.0 MPH)
|
Batting: RHB Kevin Popowicz
|
0-0: Ball 1-0: Foul Ball, location: 2F 1-1: Reached on error, E6 (Groundball, 6, EV 105.0 MPH) Carlos Carrillo to second
|
Batting: LHB Vinny Rivera
|
0-0: Foul Ball, location: 2F 0-1: SINGLE (Groundball, 6MS, EV 65.6 MPH) (infield hit) Carlos Carrillo to third Kevin Popowicz to second
|
Batting: RHB Wes Reynolds
|
0-0: Ball 1-0: Ball 2-0: Foul Ball, location: 2F 2-1: Foul Ball, location: 2F 2-2: Strikes out swinging
|
Batting: RHB Mike Pitts
|
0-0: Ball 1-0: Ball 2-0: Called Strike 2-1: Foul Ball, location: 2F 2-2: Foul Ball, location: 2F 2-2: Foul Ball, location: 2F 2-2: Fielders Choice at 2nd, 6-4 (Groundball, 6, EV 87.5 MPH)
|
Bottom of the 3rd over - 0 runs, 2 hits, 1 error, 3 left on base; Columbus 1 - Southern Maryland 0 |
TOP OF THE 4TH |
Columbus Reds batting - Pitching for Southern Maryland Blue Crabs : RHP Zhao-jun Zong
|
Batting: SHB David Garnica
|
0-0: Called Strike 0-1: Called Strike 0-2: Ball 1-2: Ball 2-2: Ball 3-2: Strikes out swinging
|
Batting: RHB Andy Bachman
|
0-0: Swinging Strike 0-1: Foul Ball, location: 2F 0-2: Strikes out swinging
|
Batting: RHB Sang-ton Pak
|
0-0: Ball 1-0: Foul Ball, location: 2F 1-1: Ground out 4-3 (Groundball, 34, EV 85.0 MPH)
|
Top of the 4th over - 0 runs, 0 hits, 0 errors, 0 left on base; Columbus 1 - Southern Maryland 0 |
BOTTOM OF THE 4TH |
Southern Maryland Blue Crabs batting - Pitching for Columbus Reds : RHP Kyle Vance
|
Batting: SHB Chris Wright
|
0-0: Called Strike 0-1: Foul Ball, location: 2F 0-2: Ball 1-2: Ball 2-2: Foul Ball, location: 2F 2-2: Ball 3-2: SINGLE (Line Drive, 8RS, EV 93.1 MPH)
|
Pitching: RHP Ernie Maldonado
|
|
Batting: RHB John Barton
|
0-0: SINGLE (Groundball, 6M, EV 105.6 MPH) Chris Wright to second
|
Batting: RHB Dave Perron
|
0-0: Called Strike 0-1: Called Strike 0-2: DOUBLE (Line Drive, 7LM, EV 94.4 MPH) Chris Wright scores John Barton to third
|
Batting: RHB Wil Ochoa
|
0-0: DOUBLE (Flyball, 5D, EV 95.6 MPH) John Barton scores Dave Perron scores
|
Batting: SHB Carlos Carrillo
|
0-0: Ball 1-0: Ball 2-0: SINGLE (Line Drive, 5D, EV 103.8 MPH) Wil Ochoa to third
|
Batting: RHB Kevin Popowicz
|
0-0: Ball 1-0: Called Strike 1-1: Swinging Strike 1-2: Strikes out looking
|
Batting: LHB Vinny Rivera
|
0-0: Called Strike 0-1: Ball 1-1: Ball Balk! Wil Ochoa scores Carlos Carrillo to second 2-1: Ground out U3 (Groundball, 34, EV 92.5 MPH) Carlos Carrillo to third
|
Batting: RHB Wes Reynolds
|
0-0: Ball 1-0: Ground out 1-3 (Groundball, 25, EV 68.8 MPH)
|
Bottom of the 4th over - 4 runs, 5 hits, 0 errors, 1 left on base; Columbus 1 - Southern Maryland 4 |
TOP OF THE 5TH |
Columbus Reds batting - Pitching for Southern Maryland Blue Crabs : RHP Zhao-jun Zong
|
Batting: RHB Ed Santibanez
|
0-0: Ball 1-0: Foul Ball, location: 2F 1-1: Ground out 5-3 (Groundball, 56, EV 101.9 MPH)
|
Batting: SHB Gustavo Froio
|
0-0: Ball 1-0: Ground out 6-3 (Groundball, 6, EV 91.2 MPH)
|
Batting: SHB Cesar Pelayo
|
0-0: Ground out 6-3 (Groundball, 6M, EV 82.5 MPH)
|
Top of the 5th over - 0 runs, 0 hits, 0 errors, 0 left on base; Columbus 1 - Southern Maryland 4 |
BOTTOM OF THE 5TH |
Southern Maryland Blue Crabs batting - Pitching for Columbus Reds : RHP Ernie Maldonado
|
Batting: RHB Mike Pitts
|
0-0: Foul Ball, location: 2F 0-1: Fly out, F7 (Flyball, 78M, EV 95.6 MPH)
|
Batting: SHB Chris Wright
|
0-0: Ball 1-0: Called Strike 1-1: DOUBLE (Flyball, 89D, EV 86.9 MPH)
|
Batting: RHB John Barton
|
0-0: Ball Wild Pitch! Chris Wright to third 1-0: Called Strike 1-1: Ball 2-1: SINGLE (Groundball, 6, EV 103.8 MPH) (infield hit) Chris Wright scores
|
Batting: RHB Dave Perron
|
0-0: Swinging Strike 0-1: Ball 1-1: Ball 2-1: Called Strike 2-2: Fielders Choice at 2nd, 5-4 (Groundball, 56, EV 92.5 MPH)
|
Batting: RHB Wil Ochoa
|
0-0: SINGLE (Line Drive, 78S, EV 91.2 MPH) Dave Perron to second
|
Batting: SHB Carlos Carrillo
|
0-0: Ball 1-0: Ground out 4-3 (Groundball, 4S, EV 85.6 MPH)
|
Bottom of the 5th over - 1 run, 3 hits, 0 errors, 2 left on base; Columbus 1 - Southern Maryland 5 |
TOP OF THE 6TH |
Columbus Reds batting - Pitching for Southern Maryland Blue Crabs : RHP Zhao-jun Zong
|
Batting: SHB Jaivata Mohanty
|
0-0: Called Strike 0-1: Ball 1-1: Ground out 5-3 (Groundball, 5S, EV 68.1 MPH)
|
Batting: RHB Ben Burkholder
|
0-0: Ball 1-0: Fly out, F7 (Flyball, 7S, EV 95.0 MPH)
|
Batting: LHB Matt Kennedy
|
0-0: Ball 1-0: Ball 2-0: Ball 3-0: Called Strike 3-1: Base on Balls
|
Batting: SHB David Garnica
|
0-0: Ball 1-0: SINGLE (Groundball, 4MD, EV 99.4 MPH) Matt Kennedy to second
|
Batting: RHB Andy Bachman
|
0-0: Swinging Strike 0-1: SINGLE (Line Drive, 6D, EV 106.9 MPH) Matt Kennedy to third David Garnica to second Runner from 3rd tries for Home, SAFE, throw by CF to home
|
Pitching: RHP Casey Tietjen
|
|
Batting: RHB Sang-ton Pak
|
0-0: Swinging Strike 0-1: Ball 1-1: Ball 2-1: Called Strike 2-2: Strikes out swinging
|
Top of the 6th over - 1 run, 2 hits, 0 errors, 2 left on base; Columbus 2 - Southern Maryland 5 |
BOTTOM OF THE 6TH |
Southern Maryland Blue Crabs batting - Pitching for Columbus Reds : RHP Ernie Maldonado
|
Batting: RHB Kevin Popowicz
|
0-0: SINGLE (Line Drive, 9S, EV 91.9 MPH)
|
Batting: LHB Vinny Rivera
|
0-0: Called Strike 0-1: Swinging Strike 0-2: Ball Wild Pitch! Kevin Popowicz to second 1-2: Ball 2-2: Foul Ball, location: 2F Balk! Kevin Popowicz to third 2-2: Strikes out swinging
|
Batting: RHB Wes Reynolds
|
0-0: Ball 1-0: Called Strike 1-1: Swinging Strike Balk! Kevin Popowicz scores 1-2: Fly out, F4 (Flyball, 4D, EV 88.8 MPH)
|
Batting: RHB Mike Pitts
|
0-0: Fly out, F7 (Flyball, 7S, EV 83.1 MPH)
|
Bottom of the 6th over - 1 run, 1 hit, 0 errors, 0 left on base; Columbus 2 - Southern Maryland 6 |
TOP OF THE 7TH |
Columbus Reds batting - Pitching for Southern Maryland Blue Crabs : RHP Casey Tietjen
|
Pitching: RHP Dave Patenaude
|
|
Batting: RHB Ed Santibanez
|
0-0: Foul Ball, location: 2F 0-1: Swinging Strike 0-2: Fly out, F6 (Popup, 6M, EV 56.9 MPH)
|
Batting: SHB Gustavo Froio
|
0-0: Swinging Strike 0-1: SINGLE (Line Drive, 6MD, EV 101.9 MPH)
|
Batting: SHB Cesar Pelayo
|
0-0: Ball 1-0: SINGLE (Groundball, 34D, EV 106.9 MPH) Gustavo Froio to second Runner from 2nd tries for 3rd, OUT! 9-5
|
Batting: SHB Jaivata Mohanty
|
0-0: Ball 1-0: Called Strike 1-1: Ball 2-1: Called Strike 2-2: Ball 3-2: TRIPLE (Flyball, 78XD, EV 92.5 MPH) Cesar Pelayo scores
|
Batting: RHB Ben Burkholder
|
0-0: SINGLE (Groundball, 4MS, EV 69.4 MPH) (infield hit) Jaivata Mohanty scores
|
Batting: LHB Matt Kennedy
|
0-0: Called Strike 0-1: Called Strike 0-2: Ball 1-2: Ball 2-2: Strikes out swinging
|
Top of the 7th over - 2 runs, 4 hits, 0 errors, 1 left on base; Columbus 4 - Southern Maryland 6 |
BOTTOM OF THE 7TH |
Southern Maryland Blue Crabs batting - Pitching for Columbus Reds : RHP Ernie Maldonado
|
Batting: SHB Chris Wright
|
0-0: Called Strike 0-1: Foul Ball, location: 2F 0-2: Strikes out looking
|
Batting: RHB John Barton
|
0-0: Ball 1-0: SOLO HOME RUN (Flyball, 78XD, EV 100.6 MPH), Distance : 427 ft
|
Batting: RHB Dave Perron
|
0-0: Ball 1-0: Ball 2-0: Called Strike 2-1: Ball 3-1: Called Strike 3-2: Fly out, F8 (Flyball, 78XD, EV 95.6 MPH)
|
Batting: RHB Wil Ochoa
|
0-0: SINGLE (Groundball, 4S, EV 65.0 MPH) (infield hit)
|
Batting: SHB Carlos Carrillo
|
0-0: Ball 1-0: DOUBLE (Line Drive, 89XD, EV 111.2 MPH) Wil Ochoa to third
|
Pitching: RHP Alex de Leon
|
|
Batting: RHB Kevin Popowicz
|
0-0: Ball 1-0: Fly out, F8 (Flyball, 8RXD, EV 104.4 MPH)
|
Bottom of the 7th over - 1 run, 3 hits, 0 errors, 2 left on base; Columbus 4 - Southern Maryland 7 |
TOP OF THE 8TH |
Columbus Reds batting - Pitching for Southern Maryland Blue Crabs : RHP Dave Patenaude
|
Pitching: RHP Nick Hodge
|
|
Batting: SHB David Garnica
|
0-0: Called Strike 0-1: Ball 1-1: Foul Ball, location: 2F 1-2: Ground out 6-3 (Groundball, P, EV 85.0 MPH)
|
Batting: RHB Andy Bachman
|
0-0: Ball 1-0: Called Strike 1-1: Ball 2-1: Fly out, F8 (Line Drive, 8LM, EV 93.8 MPH)
|
Batting: RHB Sang-ton Pak
|
0-0: Called Strike 0-1: Foul Ball, location: 2F 0-2: Ball 1-2: Fly out, F5 (Popup, 5F, EV 75.0 MPH)
|
Top of the 8th over - 0 runs, 0 hits, 0 errors, 0 left on base; Columbus 4 - Southern Maryland 7 |
BOTTOM OF THE 8TH |
Southern Maryland Blue Crabs batting - Pitching for Columbus Reds : RHP Alex de Leon
|
Batting: LHB Vinny Rivera
|
0-0: Swinging Strike 0-1: Ball 1-1: Swinging Strike 1-2: Ball 2-2: Ball 3-2: Fly out, F8 (Flyball, 8LS, EV 95.0 MPH)
|
Batting: RHB Wes Reynolds
|
0-0: Fly out, F9 (Flyball, 9S, EV 88.1 MPH)
|
Batting: RHB Mike Pitts
|
0-0: Ball 1-0: Ball 2-0: Called Strike 2-1: Ground out 5-3 (Groundball, 5S, EV 90.6 MPH)
|
Bottom of the 8th over - 0 runs, 0 hits, 0 errors, 0 left on base; Columbus 4 - Southern Maryland 7 |
TOP OF THE 9TH |
Columbus Reds batting - Pitching for Southern Maryland Blue Crabs : RHP Nick Hodge
|
Pitching: RHP Harley Hyde
|
|
Batting: RHB Ed Santibanez
|
0-0: Ball 1-0: Ground out 1-3 (Groundball, 13S, EV 74.4 MPH)
|
Batting: SHB Gustavo Froio
|
0-0: Ball 1-0: Called Strike 1-1: Ground out 3-1 (Groundball, 34S, EV 88.1 MPH)
|
Batting: SHB Cesar Pelayo
|
0-0: Foul Ball, location: 2F 0-1: Foul Ball, location: 2F 0-2: Strikes out looking
|
Top of the 9th over - 0 runs, 0 hits, 0 errors, 0 left on base; Columbus 4 - Southern Maryland 7 |
|